 Dungeon Crawl Stone Soup version 0.20.1-1-g8b1a95d (webtiles) character file.

81 Zachthehappycat the Stinger (level 4, -6/28 HPs)
             Began as an Octopode Venom Mage on July 5, 2017.
             Killed from afar by an orc wizard (8 damage)
             ... with a puff of frost
             ... on level 3 of the Dungeon.
             The game lasted 00:17:44 (3280 turns).

Zachthehappycat the Stinger (Octopode Venom Mage)   Turns: 3280, Time: 00:17:45

Health: -6/28      AC:  1    Str:  7    XL:     4   Next: 40%
Magic:  0/8        EV: 14    Int: 17    God:
Gold:   215        SH:  0    Dex: 13    Spells: 4/8 levels left

rFire    . . .     SeeInvis .   (no weapon)
rCold    . . .     Gourm    .   (no shield)
rNeg     . . .     Faith    .   (helmet restricted)
rPois    .         Spirit   +   j - amulet of guardian spirit
rElec    .         Reflect  .   (no ring)
rCorr    .         Harm     .   (no ring)
MR       .....                  (no ring)
Stlth    +++.......             (no ring)
Regen    0.1/turn               (no ring)
MPRegen  0.2/turn               (no ring)
                                (no ring)
                                (no ring)

@: no status effects
A: almost no armour, stealthy swim, amphibious, 8 rings, constrict 8, camouflage
1, gelatinous body 1
a: no special abilities


You were on level 3 of the Dungeon.
You were near starving.

You visited 1 branch of the dungeon, and saw 3 of its levels.

You collected 215 gold pieces.

Inventory:

Missiles
 c - 232 stones (quivered)
Jewellery
 j - an amulet of guardian spirit (around mantle)
 s - an uncursed amulet of rage {unknown}
Wands
 w - a wand of confusion (40/48)
Scrolls
 d - 2 scrolls of fear {unknown}
 e - 4 scrolls of remove curse
 h - 2 scrolls of enchant weapon
 i - a scroll of identify
 k - a scroll of recharging {unknown}
 n - 3 scrolls of teleportation
 o - 3 scrolls of amnesia {unknown}
 p - a scroll of enchant armour {unknown}
 q - 2 scrolls of fog {unknown}
 r - a scroll of immolation {unknown}
 u - a scroll of random uselessness {unknown}
 y - a scroll of blinking {unknown}
Potions
 g - a potion of lignification
 l - a potion of heal wounds
 t - 2 potions of agility {unknown}
 v - 2 potions of magic {unknown}
 x - a potion of brilliance {unknown}
 z - a potion of flight {unknown}
Books
 a - a Young Poisoner's Handbook

   Spells                             Type                      Level
   a - Sting                          Conjuration/Poison           1
   b - Poisonous Vapours              Poison/Air                   2
   c - Mephitic Cloud                 Conjuration/Poison/Air       3
   d - Olgreb's Toxic Radiance        Poison                       4
   e - Venom Bolt                     Conjuration/Poison           5
Comestibles
 b - 4 bread rations
 f - 3 meat rations
 m - a royal jelly


   Skills:
 + Level 1.0 Fighting
 + Level 2.5 Dodging
 + Level 3.3 Stealth
 + Level 2.6 Spellcasting
 + Level 1.9 Conjurations
 + Level 4.1 Poison Magic


You had 4 spell levels left.
You knew the following spells:

 Your Spells              Type           Power        Failure   Level  Hunger
a - Sting                 Conj/Pois      ##..         5%          1    #......
b - Mephitic Cloud        Conj/Pois/Air  #.......     24%         3    ###....


Dungeon Overview and Level Annotations

Branches:
Dungeon (3/15)

Altars:


Innate Abilities, Weirdness & Mutations

You cannot wear most types of armour.
You are very stealthy in the water. (Stealth+)
You are amphibious.
You can wear up to eight rings at the same time.
You can use your tentacles to constrict eight enemies at once.
Your skin changes colour to match your surroundings (Stealth+).
Your rubbery body absorbs attacks. (AC +1, EV +1)


Message History

You are near starving!
You closely miss the orc wizard. You grab the orc wizard.
The orc wizard is lightly wounded.
You constrict the orc wizard. The orc wizard closely misses you.
The orc wizard barely misses you.
You release your grip on the orc wizard.
You barely miss the orc wizard. Your grab misses the orc wizard.
The orc wizard is lightly wounded.
The orc wizard points at you and mumbles some strange words.
The puff of flame hits you!
* * * LOW HITPOINT WARNING * * *
The orc wizard hits you with a dagger.
* * * LOW HITPOINT WARNING * * *
The orc wizard hits you but does no damage.
The orc wizard hits you with a dagger.
* * * LOW HITPOINT WARNING * * *
The orc wizard closely misses you. The orc wizard casts a spell at you.
The puff of frost hits you!
You die...

............#
.#..........#
.#....#.....#
.#....###...#
.#.#.## #...#
....)#
#...########.#
##.#†#
#.>..#.......#
##.#.# .
..#.#.##### ...#.#
#.#.#.#@#
...#.#####.#.#.#.#
##.#...#.......#o#
[....#<#.#.#.###o#
##..##.#.#.......#
.....# #.......###
#.)..# #.###.#o#
#..†.#.. #...#.#
#....## #.###.#


You could see an orc wizard and an orc.

Vanquished Creatures
  An adder (D:2)
  2 worms (D:2)
  3 dart slugs
  2 leopard geckos
  A ball python (D:2)
  A giant cockroach (D:1)
  7 goblins
  10 hobgoblins
  4 jackals
  A quokka (D:3)
  8 bats
  4 frilled lizards
  5 kobolds
  7 rats
56 creatures vanquished.

Notes
Turn   | Place    | Note
-------+----------+-------------------------------------------
     0 | D:1      | Zachthehappycat the Octopode Venom Mage began the quest for the Orb.
     0 | D:1      | Reached XP level 1. HP: 11/11 MP: 3/3
   127 | D:1      | Reached XP level 2. HP: 8/17 MP: 5/5
  1358 | D:1      | Reached XP level 3. HP: 19/22 MP: 6/6
  1574 | D:2      | Learned a level 3 spell: Mephitic Cloud
  1669 | D:2      | Reached skill level 4 in Poison Magic
  2353 | D:2      | Reached XP level 4. HP: 19/27 MP: 5/7
  3067 | D:3      | Reached skill level 1 in Fighting
  3280 | D:3      | Killed from afar by an orc wizard

Skill      XL: |  1  2  3  4 |
---------------+-------------+-----
Stealth        | 3 |  3.3
Poison Magic   | 4 |  4.1
Fighting       | 1 |  1.0
Dodging        | |  2.5
Spellcasting   | |  2.6
Conjurations   | |  1.9

Action                   |  1- 3 |  4- 6 || total
-------------------------+-------+-------++-------
Melee: Unarmed           |   140 |    81 ||   221
       Constrict         |    35 |    19 ||    54
       Tentacles         |    24 |    11 ||    35
  Use: Scroll            |     3 |       ||     3
       Potion            |     2 |       ||     2
 Stab: Sleeping          |     7 |     7 ||    14
  Eat: Chunk             |     5 |     1 ||     6
Armor: Skin              |    14 |    12 ||    26
Dodge: Dodged            |   106 |    67 ||   173
